← All builds
Air / Cortex / Economy first / OBSERVED BUILD

Standard air

Cortex Air build order · Supreme Isthmus

Economy-first air build: Aircraft Plant then Advanced Metal Extractor and Fusion Reactor, making transports and scouts for allies while transitioning into fighters and occasional bombers over the whole game.

Usually transports first (77%)

#eco #air #team support · 1543 distinct matches · 255 players · 81% of Cortex Air games · team won 46% of 1851 · Recently observed

HOW TO PLAY IT

Key timing: Aircraft Plant by 1:24

  1. Open 3 mex and wind, then drop Aircraft Plant early.
  2. Finish Aircraft Plant and start fighters for scouting and defense.
  3. Eat the Aircraft Plant once production needs outgrow it.
  4. Get Advanced Metal Extractor up to scale eco.
  5. Bring Fusion Reactor online and keep feeding transports, scouts, fighters to allies.

Phase by phase

TYPICAL OF ITS 1543 GAMES
  1. 1
  2. 2
  3. 3
PLAY THE OPENING

Follow the example game's first 6:00 step by step: what to build now, what comes next, and where it goes. At 1× it keeps pace with your own game.

  1. 1

    Up to the Aircraft Plant

    Economy
    • Metal Extractor3Mex
    • Wind Turbine4Wind
    Order
    1. Aircraft PlantAircraft Plant after 3 mex, 4 winddone ~1:26, middle half 1:14–1:35

    Some games also: energy storage (38%)

    By 1:07 in all: 3 mex · 4 wind

    The example game in this phase · 5 steps
    1. Mex
    2. Wind ×2
    3. Mex ×2
    4. Wind ×4
    5. Aircraft PlantAircraft Plantdone 1:26 · typical 1:26
  2. 2

    Aircraft Plant to 5:00

    Economy
    • Metal Extractor1Mex
    • Wind Turbine9Wind
    • Wind Turbine3Wind
    Builders
    • Construction Turret2 Con turret
    • Construction Aircraft1 Con aircraft
    Army
    • Valiant5 Valiant
    • Hercules2 Light transport for allies
    • Finch2 Finch for allies
    • Finch1 Finch
    • Hephaestus1 Heavy transport for allies

    Some games also: shuriken (49%) · converter (45%) · energy storage (44%) · light transport (40%)

    By 5:00 in all: 3 mex · 1 mex · 13 wind · 3 wind · 1 energy storage · 2 con turret

    The example game in this phase · 27 steps
    1. FinchFinch ×2for Beach sea
    2. HerculesLight transportfor Geo sea
    3. HephaestusHeavy transportfor Beach sea
    4. ShurikenShuriken
    5. Mex
    6. ValiantValiant
    7. Con turret
    8. ValiantValiant ×3
    9. Wind
    10. ValiantValiant
    11. Wind
    12. Con turret
    13. Wind ×2
    14. ShurikenShuriken
    15. Wind
    16. ShurikenShuriken
    17. Wind
    18. ShurikenShuriken ×2
    19. Wind
    20. ShurikenShuriken
    21. HerculesLight transportfor Tech
    22. Wind ×2
    23. ShurikenShuriken
    24. Wind
    25. ShurikenShuriken
    26. Wind
    27. ShurikenShuriken
  3. 3

    5:00 to 10:00

    Economy
    • Wind Turbine21Wind
    • Wind Turbine5Wind
    • Energy Converter6Converter
    Order
    1. Aircraft PlantEat Aircraft Plant
    2. Aircraft PlantAircraft Plant after 18 wind, 18 wind, 7 converterin 58% of games
    Builders
    • Construction Turret3 Con turret
    Army
    • Valiant9 Valiant

    Some games also: shuriken (47%) · fusion (38%) · con aircraft (34%) · light transport (31%)

    By 10:00 in all: 3 mex · 1 mex · 25 wind · 20 wind · 8 converter · 1 energy storage

    The example game in this phase · 102 steps
    1. Wind
    2. ShurikenShuriken
    3. Wind
    4. ShurikenShuriken
    5. Wind
    6. Converter
    7. Wind
    8. ShurikenShuriken
    9. Wind ×2
    10. Converter ×2
    11. Wind
    12. Converter
    13. Wind
    14. Converter
    15. ValiantValiant
    16. Wind
    17. Converter
    18. Wind
    19. ValiantValiant
    20. Wind
    21. ValiantValiant
    22. Wind
    23. ValiantValiant
    24. Wind
    25. ValiantValiant
    26. Wind
    27. ValiantValiant
    28. Con turret
    29. Wind ×5
    30. Construction AircraftCon aircraftfor Beach sea
    31. Wind
    32. Advanced Metal ExtractorT2 mexdone 8:06 · typical 6:54
    33. Wind ×4
    34. ValiantValiant
    35. Wind ×3
    36. ValiantValiant
    37. Wind
    38. ValiantValiant ×2
    39. Advanced Metal ExtractorT2 mex
    40. Wind
    41. ValiantValiant
    42. Wind ×2
    43. ValiantValiant ×2
    44. Advanced Metal ExtractorT2 mex
    45. Fusion ReactorFusiondone 11:02 · typical 10:51
    46. Advanced Metal ExtractorT2 mex
    47. T2 converter
    48. ValiantValiant
    49. Con turret
    50. ValiantValiant
    51. Con turret ×2
    52. ValiantValiant
    53. Con turret
    54. ValiantValiant
    55. Con turret
    56. ValiantValiant
    57. T2 converter
    58. ValiantValiant ×3
    59. Fusion ReactorFusion
    60. ValiantValiant
    61. Con turret
    62. ValiantValiant ×2
    63. Con turret ×3
    64. T2 converter
    65. ValiantValiant
    66. Bot LabBot Labdone 13:41
    67. ValiantValiant ×2
    68. TickTick ×4
    69. ValiantValiant
    70. TickTick ×7
    71. ValiantValiant
    72. T2 converter
    73. TickTick
    74. ValiantValiant
    75. TickTick ×5
    76. ValiantValiant
    77. TickTick ×4
    78. ValiantValiant
    79. TickTick ×4
    80. ValiantValiant
    81. TickTick ×4
    82. WhirlwindWhirlwind
    83. TickTick ×3
    84. WhirlwindWhirlwind
    85. TickTick ×2
    86. WhirlwindWhirlwind
    87. TickTick ×2
    88. WhirlwindWhirlwind
    89. TickTick ×3
    90. WhirlwindWhirlwind
    91. TickTick ×2
    92. WhirlwindWhirlwind
    93. TickTick ×2
    94. WhirlwindWhirlwind
    95. TickTick ×3
    96. WhirlwindWhirlwind
    97. TickTick ×2
    98. WhirlwindWhirlwind
    99. TickTick ×2
    100. WhirlwindWhirlwind
    101. TickTick ×3
    102. WhirlwindWhirlwind

Counts are medians over the build's games: half of them build more, half fewer. The example game is [Grump]soccerstud020's (32 OS, 06/09/2026); pick another.

Team trades

IN AT LEAST 30% OF ITS GAMES

You hand over

  • Finch2 Finch to Geo sea or Beach seafirst at 1:50 · in 96% of games
  • Hercules3 Light transport to Tech or Geo sea or Beach seafirst at 2:06 · in 99% of games
  • Hephaestus1 Heavy transport to Beach sea or Pond or Techfirst at 2:22 · in 71% of games

You get

  • Wind Turbine3 Wind from Beach sea or Geo seafirst at 1:37 · in 64% of games
  • Wind Turbine3 Wind from Beach sea or Geo sea or Pondfirst at 1:41 · in 46% of games
  • Construction Bot1 Con bot from Techfirst at 2:22 · in 88% of games
  • Advanced Construction Bot1 T2 con bot from Techfirst at 6:05 · in 96% of games

How it plays out

Typical game of this build, running totals by minute

Metal produced

010k20k30k
0:005:0010:0015:00

metal

Enemy metal destroyed

01k2k
0:005:0010:0015:00

metal

Own metal lost

01k2k3k
0:005:0010:0015:00

metal

1851 games.

Show as table
ByMetal produced: This buildEnemy metal destroyed: This buildOwn metal lost: This build
1:0039200
2:0092300
3:00145600
4:002053051
5:0027645173
6:003714102124
7:005094146167
8:006908190219
9:009291227270
10:0011770292371
11:0014391366530
12:0017080511773
13:00198917691083
14:002273112511679
15:002577018082420
WHAT THE NUMBERS SAY

Standard air play wins less than half its games, with very low combat losses and kills since the role mostly supports rather than fights.

  • + Own metal lost stays very low, only 2701 by 15:00.
  • + Metal production reaches 25740 by 15:00, a strong support economy.
  • − Team wins under half of games (47%).
  • − Enemy metal destroyed stays low at 2097 by 15:00, showing little direct impact.
THE EXAMPLE YOU ARE READING

[Grump]soccerstud020

32.0 OS · 06/09/2026

Open source match ↗

7 received units · includes a constructor
75 metal received · 31136 energy received

Allied construction assistance is unknown. Timings are observations, not a promise of solo reproducibility.

Typical milestones

Aircraft Plant1:26Middle 50%: 1:14–1:35 · n=1851
Advanced Metal Extractor6:54Middle 50%: 6:26–7:26 · n=1790
Fusion Reactor10:51Middle 50%: 9:45–12:16 · n=1191

Played most by

TheGeneraI114games of this buildDad_The_Speedrunner72games of this buildHunfore62games of this buildDRM52games of this buildHALF_DALLAH_HABIT52games of this build